 Dungeon Crawl Stone Soup version 0.29.1-12-g30fa7ad0bf (webtiles) character file.

Game seed: 2751656252188422323

2501 mopl the Covert (level 9, -4/49 (54) HPs)
             Began as an Octopode Brigand on Dec 29, 2022.
             Was an Initiate of Ashenzari.
             Slain by a wight
             ... wielding a +3 battleaxe of freezing
              (5 damage)
             ... on level 7 of the Dungeon.
             The game lasted 00:13:13 (6619 turns).

mopl the Covert (Octopode Brigand)                  Turns: 6619, Time: 00:13:15

HP:   -4/49 (54)    AC:  1    Str: 10    XL:     9   Next: 53%
MP:   21/21         EV: 16    Int: 17    God:    Ashenzari [......]
Gold: 348           SH:  0    Dex: 20    Spells: 8/12 levels left

rFire   . . .      SeeInvis .   b - +7 Throatcutter {drain, coup de grace}
rCold   . . .      Faith    .   (no shield)
rNeg    . . .      Spirit   .   D - +0 hat of the Pangnostic Anxiety {Comp, Melee} (curse)
rPois   .          Reflect  .   L - amulet of regeneration
rElec   .          Harm     .   m - ring of resist corrosion
rCorr   +          Rampage  .   u - +6 ring of dexterity
Will    .....                   A - ring of magical power
Stlth   +++++.....              (no ring)
HPRegen 0.96/turn               (no ring)
MPRegen 0.17/turn               (no ring)
                                (no ring)
                                (no ring)

@: drained
A: almost no armour, amphibious, 8 rings, camouflage 1, gelatinous body 1,
(nimble swimmer 1), tentacles
a: Renounce Religion, Shatter the Chains


You were on level 7 of the Dungeon.
You worshipped Ashenzari.
Ashenzari was noncommittal.
You visited 2 branches of the dungeon, and saw 8 of its levels.
You also visited: Ossuary.

You collected 348 gold pieces.

Inventory:

Hand Weapons
 a - a +2 dagger
 b - the +7 Throatcutter (weapon) {drain, coup de grace}
   (You took it off Terence on level 2 of the Dungeon)

   A truly terrible weapon, it drains the life of any living foe it strikes.
   It may instantly kill foes which have little health.
 y - the +8 sling "Impbane" {flame, Int+6}
   (You found it on level 4 of the Dungeon)

   Any ammunition fired from it burns those it strikes, dealing additional fire
   damage.
   Int:       It affects your intelligence (+6).
Missiles
 c - 2 curare-tipped darts
 j - a throwing net
 r - 17 poisoned darts (quivered)
 B - 2 silver boomerangs
 P - 6 boomerangs
Armour
 D - the cursed +0 hat of the Pangnostic Anxiety (worn) {Comp, Melee}
   (You found it on level 5 of the Dungeon)

   It has a curse which improves the following skills: Companions: Summonings
   and Necromancy.
   Melee Combat: Short Blades, Long Blades, Axes, Maces & Flails, Polearms,
   Staves and Unarmed Combat.
Magical Staves
 h - a staff of earth
 i - a staff of fire
Jewellery
 m - a ring of resist corrosion (left tentacle)
 n - an amulet of magic regeneration
 u - a +6 ring of dexterity (right tentacle)
 w - a ring of fire
 A - a ring of magical power (on tentacle)
 L - an amulet of regeneration (around mantle)
Wands
 z - a wand of charming (11)
 J - a wand of iceblast (14)
Scrolls
 e - 5 scrolls of identify {unknown}
 f - 6 scrolls of teleportation {unknown}
 g - 2 scrolls of immolation {unknown}
 l - 2 scrolls of brand weapon {unknown}
 p - a scroll of poison {unknown}
 s - 2 scrolls of fear {unknown}
 t - 4 scrolls of enchant armour {unknown}
 F - a scroll of blinking {unknown}
 H - 3 scrolls of enchant weapon {unknown}
 I - a scroll of magic mapping {unknown}
 K - 2 scrolls of vulnerability {unknown}
 N - 2 scrolls of amnesia {unknown}
Potions
 d - 4 potions of curing
 k - 3 potions of heal wounds {unknown}
 o - 2 potions of berserk rage {unknown}
 q - 3 potions of haste {unknown}
 v - a potion of degeneration {unknown}
 x - a potion of might {unknown}
 C - a potion of magic {unknown}
 E - 3 potions of mutation {unknown}
 G - a potion of cancellation {unknown}
 M - 2 potions of invisibility {unknown}
 O - 2 potions of attraction {unknown}


   Skills:
 - Level 2.0 Fighting
 - Level 4.0(5.0) Short Blades
 + Level 3.5(4.8) Long Blades
 + Level 5.6 Throwing
 + Level 5.4 Dodging
 + Level 9.3 Stealth
 - Level 2.0 Spellcasting
 + Level 4.9 Hexes
 - Level 3.0 Ice Magic


You had 8 spell levels left.
You knew the following spells:

 Your Spells              Type           Power      Damage    Failure   Level
b - Ensorcelled Hibernat  Hex/Ice        30%        N/A       6%          2
p - Passwall              Tmut/Erth      0%         N/A       28%         2

Your spell library contained the following spells:

 Spells                   Type           Power      Damage    Failure   Level
 Ozocubu's Armour         Ice            11%        N/A       17%         3
 Sandblast                Erth           2%         2d4       19%         1
 Stone Arrow              Conj/Erth      2%         3d7       50%         3
 Swiftness                Air            1%         N/A       50%         3
 Ozocubu's Refrigeration  Ice            5%         4d8       100%        7


Dungeon Overview and Level Annotations

Branches:
Dungeon (7/15)             Temple (1/1) D:5         Ossuary (visited)

Altars:
Ashenzari
Cheibriados
Fedhas
Hepliaklqana
Okawaru
Sif Muna
Vehumet
Xom
Yredelemnul


Innate Abilities, Weirdness & Mutations

You cannot wear most types of armour.
You are amphibious.
You can wear up to eight rings at the same time.
Your skin changes colour to match your surroundings (Stealth+).
Your rubbery body absorbs attacks. (AC +1, EV +1)
((You are camouflaged when in or above water. (Stealth+)))
You have tentacles for arms and can constrict up to eight enemies at once.


Message History

Things that are here:
a +0 mace; a +0 chain mail; an orc corpse
Things that are here:
a +0 short sword; an orc corpse
There is an open door here.
An orc wizard is nearby!
You closely miss the orc wizard.
The orc wizard shouts!
You grab the orc wizard. You constrict the orc wizard.
The orc wizard hits you with a +0 dagger.
You hit the orc wizard.
You behead the orc wizard!
You kill the orc wizard!
No target in view!
There is an open door here.
There is an open door here.
Found a book of Conjurations.
You slash the wight! You grab the wight.
The wight is severely damaged.
You constrict the wight, but do no damage.
The wight misses you.
You slash the wight!
You destroy the wight!
You barely miss the wight. Your grab misses the wight.
The wight hits you with a +3 battleaxe of freezing!!
The wight freezes you. The wight barely misses you.
You hit the wight. You grab the wight.
The wight is moderately damaged.
You constrict the wight, but do no damage.
The wight hits you with a +3 battleaxe of freezing!
You feel drained. The wight freezes you.
You are too injured to fight recklessly!
You are too injured to fight recklessly!
You slash the wight!
You squeeze the wight, but do no damage.
The wight is severely damaged.
You constrict the wight.
The wight hits you with a +3 battleaxe of freezing!
* * * LOW HITPOINT WARNING * * *
You feel drained.
You die...

#......))))'...................##
############...................##
#...................##
##############'####### #.# #
######### #.# #
........########.#######
........'............))'
.......@########.#.#####
########zz.:..##.#.##...
#......##.#.##...
#......##.#)##...
#......##.#.#####
#......##.#......
.#......##.#......
........##)#......
#.......##.#......


You could see 2 wights.

Vanquished Creatures
  2 water moccasins (D:5)
  An orc warrior (D:7)
  A black bear (D:5)
  5 ogres
  A phantom (D:6)
  A kobold brigand (D:6)
  A bullfrog (D:7)
  2 necrophages
  A scorpion (D:6)
  5 wights (D:7)
  A howler monkey (D:6)
  2 centaur zombies (Ossuary)
  6 orc priests
  5 hounds
  A jelly (D:5)
  4 iguanas
  5 orc wizards
  Terence (D:2)
  3 mummies
  10 adders
  A shadow imp (D:6)
  2 white imps
  2 ufetubi (D:6)
  An adder zombie (Ossuary)
  2 worms
  4 dart slugs
  29 orcs
  13 ball pythons
  5 bats
  7 endoplasms
  5 giant cockroaches
  4 goblins
  6 hobgoblins
  6 jackals
  7 quokkas
  3 frilled lizards
  3 goblin zombies (Ossuary)
  11 hobgoblin zombies (Ossuary)
  A jackal zombie (Ossuary)
  9 kobolds
  9 kobold zombies (Ossuary)
  8 orc zombies (Ossuary)
  4 rats
  2 rat zombies (Ossuary)
202 creatures vanquished.

Vanquished Creatures (others)
  7 fungi (D:6)
  7 plants
14 creatures vanquished.

Grand Total: 216 creatures vanquished

Notes
Turn   | Place    | Note
-------+----------+-------------------------------------------
     0 | D:1      | mopl the Octopode Brigand began the quest for the Orb.
     0 | D:1      | Reached XP level 1. HP: 14/14 MP: 1/1
   260 | D:1      | Reached XP level 2. HP: 19/19 MP: 2/2
   471 | D:1      | Reached XP level 3. HP: 20/24 MP: 3/3
  1013 | D:2      | Learned a level 2 spell: Ensorcelled Hibernation
  1070 | D:2      | Found a faded altar of an unknown god.
  1074 | D:2      | Reached skill level 2 in Dodging
  1164 | D:2      | Reached XP level 4. HP: 25/29 MP: 4/4
  1317 | D:2      | You fall into a shaft and drop 2 floors!
  1502 | D:4      | Noticed an ogre
  1526 | D:4      | Killed an ogre
  1527 | D:4      | Reached skill level 3 in Short Blades
  1527 | D:4      | Reached skill level 6 in Stealth
  1527 | D:4      | Reached skill level 1 in Hexes
  1527 | D:4      | Reached skill level 1 in Ice Magic
  1527 | D:4      | Reached XP level 5. HP: 15/34 MP: 4/6
  1713 | D:4      | Noticed an ogre
  1759 | D:4      | Killed an ogre
  1760 | D:4      | Reached skill level 3 in Throwing
  1760 | D:4      | Reached skill level 1 in Spellcasting
  1760 | D:4      | Reached XP level 6. HP: 39/39 MP: 7/7
  2179 | D:3      | Learned a level 2 spell: Passwall
  2340 | D:2      | Noticed Terence
  2346 | D:2      | Killed Terence
  3331 | D:4      | Reached XP level 7. HP: 14/45 MP: 9/9
  3569 | D:4      | Identified the +8 sling "Impbane" {flame, Int+6}
  3741 | D:4      | Reached skill level 3 in Dodging
  3741 | D:4      | Reached skill level 2 in Hexes
  3741 | D:4      | Reached skill level 2 in Ice Magic
  3970 | D:5      | Entered Level 5 of the Dungeon
  3973 | D:5      | Reached skill level 4 in Short Blades
  3973 | D:5      | Reached skill level 2 in Spellcasting
  3997 | D:5      | Reached skill level 7 in Stealth
  4219 | D:5      | Reached XP level 8. HP: 40/50 MP: 11/11
  4260 | D:5      | Reached skill level 4 in Throwing
  4260 | D:5      | Reached skill level 3 in Hexes
  4260 | D:5      | Reached skill level 3 in Ice Magic
  4373 | D:5      | Found a staircase to the Ecumenical Temple.
  4472 | Temple   | Entered the Ecumenical Temple
  4480 | Temple   | Became a worshipper of Ashenzari the Shackled
  4728 | D:6      | Reached skill level 4 in Dodging
  4821 | D:6      | Reached skill level 1 in Long Blades
  5080 | D:6      | Reached skill level 8 in Stealth
  5297 | D:6      | Reached skill level 2 in Long Blades
  5332 | D:6      | Reached skill level 4 in Hexes
  5377 | D:6      | Reached skill level 5 in Throwing
  5377 | D:6      | Reached XP level 9. HP: 26/54 MP: 12/12
  5860 | D:6      | Found a blossoming altar of Fedhas.
  5957 | D:7      | Found a sand-covered staircase.
  5964 | Ossuary  | Entered an ossuary
  6185 | Ossuary  | Reached skill level 5 in Dodging
  6331 | D:7      | Reached skill level 3 in Long Blades
  6376 | D:7      | Reached skill level 9 in Stealth
  6619 | D:7      | HP: 1/51 [wight/+3 battleaxe of freezing (16)]
  6619 | D:7      | Slain by a wight

Illustrated notes

Levels and vault maps discovered:
D:1:      doesnt_arrival_eight_statues, layout_basic
D:2:      layout_basic, chequers_ecumenical_altar_simple_redux, serial_forest,
          infiniplex_forest_clump_large, infiniplex_forest_clump_tiny,
          infiniplex_forest_clump_small, infiniplex_forest_zigzag_1,
          minmay_misc_feat_encased, serial_bayou_pond_b, uniq_terence
D:3:      layout_basic, nicolae_overflow_hidden_temple
D:4:      layout_gridville, ebering_dispersal_statue_hall
D:5:      layout_gridville, minmay_temple_entry_fiery
D:6:      layout_loops_ring, fedhas_altar_3
D:7:      layout_basic, gup_ossuary_entry_pyramid
Temple:   compressed_dpeg_triangle_lava_temple

Skill      XL: |  1  2  3  4  5  6  7  8  9 |
---------------+----------------------------+-----
Dodging        | 2 3 4 5 |  5.4
Short Blades   | 3 4 |  4.0
Stealth        | 6 7 8 9 |  9.3
Hexes          | 1 2 4 |  4.9
Ice Magic      | 1 2 3 |  3.0
Throwing       | 3 5 |  5.6
Spellcasting   | 1 2 |  2.0
Long Blades    | 2 3 |  3.5
Fighting       | |  2.0

Action                   |  1- 3 |  4- 6 |  7- 9 || total
-------------------------+-------+-------+-------++-------
Melee: Dagger            |    65 |    75 |    63 ||   203
       Constrict         |     9 |    20 |    42 ||    71
       Tentacles         |    11 |    15 |    27 ||    53
       Punch             |     1 |       |     7 ||     8
       Long sword        |       |    21 |   131 ||   152
Throw: Dart              |       |    15 |    18 ||    33
 Cast: Ensorcelled Hiber |       |       |     6 ||     6
       Passwall          |       |       |     5 ||     5
Invok: Curse Item        |       |       |     1 ||     1
  Use: Potion            |       |     1 |     1 ||     2
 Stab: Sleeping          |    14 |     9 |    33 ||    56
       Distracted        |       |       |     3 ||     3
Armor: Skin              |    11 |     2 |    10 ||    23
Dodge: Dodged            |    34 |    71 |   119 ||   224
